 Dungeon Crawl Stone Soup version 0.31-a0-229-g1fc7ce93e2 (webtiles) character file.

Game seed: 5776869387561941238

15 qw the Shooter (level 2, 0/16 HPs)
             Began as a Gargoyle Hexslinger on July 6, 2023.
             Slain by a jackal (2 damage)
             ... on level 1 of the Dungeon.
             The game lasted 00:00:07 (124 turns).

qw the Shooter (Gargoyle Hexslinger)                 Turns: 124, Time: 00:00:08

Health: 0/16       AC:  4    Str: 11    XL:     2   Next: 50%
Magic:  3/3        EV: 12    Int: 13    God:
Gold:   16         SH:  0    Dex: 12    Spells: 2/3 levels left

rFire   . . .        a - +1 sling
rCold   . . .        (no shield)
rNeg    + . .        c - +0 robe
rPois   inf          (no helmet)
rElec   +            (no cloak)
rCorr   .            (no gloves)
SInv    .            (no boots)
Will    .....        (no amulet)
Stlth   +            (no ring)
HPRegen 0.22/turn    (no ring)
MPRegen 0.08/turn

%: no passive effects
@: no status effects
A: sickness immunity, AC +2, negative energy resistance 1, electricity
resistance, torment resistance 1, petrification resistance
a: no special abilities


You were on level 1 of the Dungeon.
You visited 1 branch of the dungeon, and saw 1 of its levels.

You collected 16 gold pieces.


Innate Abilities, Weirdness & Mutations

You are immune to sickness and miasma.
Your stone body is resilient. (AC +2)
You are immune to poison.
You resist negative energy. (rN+)
You are resistant to electric shocks. (rElec)
You are resistant to unholy torment.
You are immune to petrification.


   Skills:
 + Level 1.2 Fighting
 - Level 3.0 Ranged Weapons
 - Level 1.5 Dodging
 - Level 1.0 Spellcasting
 - Level 2.6 Hexes


You had 2 spell levels left.
You knew the following spells:

 Your Spells              Type           Power      Damage    Failure   Level
a - Slow                  Hex            28%        N/A       10%         1

Your spell library contained the following spells:

 Spells                   Type           Power      Damage    Failure   Level
 Inner Flame              Hex/Fire       4%         N/A       43%         3
 Portal Projectile        Hex/Tloc       8%         N/A       43%         3
 Cause Fear               Hex            3%         N/A       67%         4

Inventory:

Hand Weapons
 a - a +1 sling (weapon)
Armour
 c - a +0 robe (worn)
Scrolls
 b - a scroll of poison
 e - a scroll of identify {unknown}
Potions
 d - a potion of mutation {unknown}
 f - a potion of degeneration {unknown}
 g - a potion of enlightenment {unknown}

Dungeon Overview and Level Annotations

Branches:
Dungeon (1/15)

Altars:


Message History

The goblin hits you but does no damage. The jackal closely misses you.
You shoot a sling bullet. The sling bullet hits the goblin.
The goblin is moderately wounded.
The jackal misses you. The goblin barely misses you.
The kobold hits you with a +0 club. The jackal closely misses you.
The kobold barely misses you. The goblin closely misses you.
You shoot a sling bullet. The sling bullet hits the goblin.
You kill the goblin!
The jackal barely misses you. The jackal misses you.
The kobold hits you but does no damage. The jackal closely misses you.
Your Ranged Weapons skill increases to level 3!
You shoot a sling bullet.
The sling bullet barely misses the jackal.
The jackal barely misses you. x2; The kobold completely misses you.
The jackal closely misses you.
You shoot a sling bullet. The sling bullet hits the kobold.
You kill the kobold!
The jackal bites you but does no damage. x2
The kobold misses you. The jackal barely misses you.
The jackal closely misses you. The kobold hits you with a +0 club.
You shoot a sling bullet.
The sling bullet barely misses the jackal.
The jackal closely misses you.
The jackal bites you but does no damage.
The jackal completely misses you. The kobold closely misses you.
You shoot a sling bullet. The sling bullet hits the jackal.
The jackal is moderately wounded.
The jackal barely misses you. The jackal misses you.
The kobold hits you but does no damage.
The jackal bites you but does no damage.
The jackal closely misses you.
You shoot a sling bullet.
The sling bullet closely misses the jackal.
The jackal bites you but does no damage. x2
The kobold hits you with a +0 club. The jackal barely misses you.
You shoot a sling bullet. The sling bullet hits the jackal.
The jackal is almost dead.
The jackal bites you but does no damage.
The jackal misses you. The kobold hits you with a +0 club.
The jackal bites you. x2
You die...

## ##.######.. #.[
####....##...
#..#####....##......
##..........######...
#...###....## #...
#...###.#### ##...
.###.......#########....
......K#)...............
###.h@.###########....
......h.## #..).
.####....###########..%%
#...#.#.....##.......
#..#. .#.....##.......
#$!##. .+..<..'........
...# ## .#.....#........
... .#.....##.......
#######........


You could see 2 jackals and a kobold.

Vanquished Creatures
  A ball python (D:1)
  2 endoplasms (D:1)
  A giant cockroach (D:1)
  3 goblins (D:1)
  2 jackals (D:1)
  A kobold (D:1)
  A bat (D:1)
  A rat (D:1)
12 creatures vanquished.

Notes
Turn   | Place    | Note
-------+----------+-------------------------------------------
     0 | D:1      | qw the Gargoyle Hexslinger began the quest for the Orb.
     0 | D:1      | Reached XP level 1. HP: 12/12 MP: 2/2
     0 | D:1      | 0 ||| qw: Version: 0.3-a-46-gb1f654a
     0 | D:1      | 0 ||| qw: Game counter: 1228
     0 | D:1      | 0 ||| qw: Melee chars always use a shield: true
     0 | D:1      | 0 ||| qw: God list: Okawaru
     0 | D:1      | 0 ||| qw: Allow faded altars: false
     0 | D:1      | 0 ||| qw: Do Orc after clearing Dungeon:15 true
     0 | D:1      | 0 ||| qw: Do second Lair branch before Depths: true
     0 | D:1      | 0 ||| qw: Lair rune preference: random
     0 | D:1      | 0 ||| qw: Goals: Normal
     0 | D:1      | 0 ||| PLANNING D:1-11
    33 | D:1      | Reached XP level 2. HP: 16/16 MP: 3/3
   119 | D:1      | Reached skill level 3 in Ranged Weapons
   123 | D:1      | HP: 4/16 [kobold/+0 club (2)]
   124 | D:1      | Slain by a jackal

Levels and vault maps discovered:
D:1:      minmay_arrival_checkered_box, layout_rooms,
          nicolae_concentric_dashed_squares_mild

Skill      XL: |  1  2 |
---------------+-------+-----
Ranged Weapons | 3 |  3.0
Fighting       | |  1.2
Dodging        | |  1.5
Spellcasting   | |  1.0
Hexes          | |  2.6

Action                     || total
---------------------------++-------
   Fire: Sling             ||    40
 Armour: Robe              ||    22
  Dodge: Dodged            ||    44

Table legend:
 A = Non-vault XP
 B = Vault XP
 C = Vault XP percentage of total XP
 D = Non-vault monster count
 E = Vault monster count
 F = Vault count percentage of total count
                 A         B        C        D         E       F
            +---------+---------+-------+---------+---------+-------
      Total |      22 |       0 |   0.0 |      12 |       0 |   0.0
            +---------+---------+-------+---------+---------+-------
        D:1 |      22 |       0 |   0.0 |      12 |       0 |   0.0
            +---------+---------+-------+---------+---------+-------
